 Dungeon Crawl Stone Soup version 0.29-a0-72-g1732ff48e7 (webtiles) character file.

Game seed: 6256834324352147338

3474 fragbeetle the Poker (level 10, -8/86 HPs)
             Began as a Hill Orc Cinder Acolyte on Feb 4, 2022.
             Was a High Priest of Ignis.
             Mangled by a four-headed hydra (9 damage)
             ... on level 8 of the Dungeon.
             The game lasted 00:14:41 (8648 turns).

fragbeetle the Poker (Hill Orc Cinder Acolyte)      Turns: 8648, Time: 00:14:42

Health: -8/86      AC: 10    Str: 20 (22) XL:     10   Next: 6%
Magic:  22/23      EV: 11    Int: 15 (18) God:    Ignis [*****.]
Gold:   402        SH:  0    Dex:  5 (6)  Spells: 11/15 levels left

rFire   + . .      SeeInvis +   f - +9 trident "Fish" {distort, Int+4 SInv}
rCold   + . .      Faith    .   (no shield)
rNeg    . . .      Spirit   .   L - +3 leather armour
rPois   .          Reflect  .   (no helmet)
rElec   .          Harm     .   n - +0 cloak
rCorr   .          Rampage  .   c - +0 pair of gloves
Will    .....                   z - +0 pair of boots
Stlth   +.........              (no amulet)
HPRegen 0.24/turn               D - ring of protection from cold
MPRegen 0.18/turn               y - ring of magical power

@: no status effects
A: no striking features
a: Renounce Religion, Fiery Armour, Foxfire Swarm


You were on level 8 of the Dungeon.
You worshipped Ignis.
Ignis was extremely pleased with you.
You visited 2 branches of the dungeon, and saw 10 of its levels.

You collected 402 gold pieces.

Inventory:

Hand Weapons
 a - a -1 hand axe of flaming
 f - the +9 trident "Fish" (weapon) {distort, Int+4 SInv}
   (You found it on level 2 of the Dungeon)

   It warps and distorts space around it, and may blink, banish, or inflict
   extra damage upon those it strikes.
   Unwielding it can cause banishment or high damage.
   Int:       It affects your intelligence (+4).
   SInv:      It lets you see invisible.
 J - a +3 whip of freezing
Missiles
 g - 12 poisoned darts
 o - 13 boomerangs
 q - 4 javelins
Armour
 c - a +0 pair of gloves (worn)
 n - a +0 cloak (worn)
 z - a +0 pair of boots (worn)
 L - a +3 leather armour (worn)
Jewellery
 b - a ring of resist corrosion
 s - an amulet of guardian spirit
 y - a ring of magical power (right hand)
 D - a ring of protection from cold (left hand)
Wands
 m - a wand of polymorph (7)
 p - a wand of paralysis (9)
 K - a wand of charming (3)
Scrolls
 i - a scroll of vulnerability {unknown}
 j - 3 scrolls of teleportation {unknown}
 u - 2 scrolls of fear {unknown}
 v - a scroll of enchant weapon {unknown}
 x - 4 scrolls of identify {unknown}
 A - 2 scrolls of amnesia {unknown}
 B - a scroll of immolation {unknown}
 E - 2 scrolls of torment {unknown}
 G - a scroll of blinking {unknown}
Potions
 d - a potion of cancellation {unknown}
 e - 2 potions of degeneration
 h - 2 potions of brilliance {unknown}
 l - a potion of lignification {unknown}
 r - 3 potions of resistance {unknown}
 t - a potion of mutation {unknown}
 w - a potion of berserk rage {unknown}
 F - a potion of attraction {unknown}
 H - 2 potions of curing {unknown}
 I - a potion of flight {unknown}


   Skills:
 + Level 7.2 Fighting
 - Level 4.5(7.5) Axes
 * Level 7.8(8.2) Polearms
 * Level 7.3 Armour
 - Level 3.0 Spellcasting
 - Level 3.0 Translocations
 * Level 7.4 Fire Magic


You had 11 spell levels left.
You knew the following spells:

 Your Spells              Type           Power      Damage    Failure   Level
a - Scorch                Fire           48%        2d7       1%          2
b - Blink                 Tloc           22%        N/A       10%         2

Your spell library contained the following spells:

 Spells                   Type           Power      Damage    Failure   Level
 Magic Dart               Conj           8%         1d3       22%         1
 Searing Ray              Conj           4%         2d4       34%         2
 Manifold Assault         Tloc           11%        N/A       88%         5
 Fulminant Prism          Conj/Hex       1%         3d6       92%         4
 Storm Form               Tmut/Air       1%         N/A       100%        7


Dungeon Overview and Level Annotations

Branches:
Dungeon (9/15)             Temple (1/1) D:7
   Lair: D:8-11         Orc: D:9-12

Altars:
Ashenzari
Cheibriados
Dithmenos
Elyvilon
Fedhas
Gozag
Hepliaklqana
Kikubaaqudgha
Makhleb
Nemelex Xobeh
Okawaru
Qazlal
Ru
Sif Muna
Trog
Uskayaw
Vehumet
Wu Jian
Xom
Yredelemnul
Zin
The Shining One

Shops:
D:5 *   D:6 *   D:9 =

Portals:
Abyss: D:6

Annotations:
D:6 2 transporters, testman's ghost, novice MfBe
D:8 Gastronok


Message History

The four-headed hydra bites you.
The four-headed hydra barely misses you.
You puncture the four-headed hydra!
The four-headed hydra is moderately wounded.
You hit the four-headed hydra.
Space warps around the four-headed hydra.
The four-headed hydra is heavily wounded.
The four-headed hydra bites you but does no damage.
The four-headed hydra bites you. The four-headed hydra bites you!
The four-headed hydra bites you but does no damage.
You puncture the four-headed hydra!
The four-headed hydra is heavily wounded.
The four-headed hydra blinks!
You barely miss the four-headed hydra.
The four-headed hydra is heavily wounded.
The four-headed hydra is no longer more vulnerable to fire.
The four-headed hydra bites you!
The four-headed hydra bites you but does no damage.
The four-headed hydra bites you!
The four-headed hydra barely misses you.
You are too injured to fight recklessly!
You are too injured to fight recklessly!
You hit the four-headed hydra.
The four-headed hydra is heavily wounded.
The four-headed hydra bites you.
The four-headed hydra bites you but does no damage.
The four-headed hydra bites you!
* * * LOW HITPOINT WARNING * * *
The four-headed hydra bites you.
* * * LOW HITPOINT WARNING * * *
It was a potion of degeneration.
There was something very wrong with that liquid.
You feel weakened.
You feel dopey.
You feel clumsy. The four-headed hydra bites you.
* * * LOW HITPOINT WARNING * * *
The four-headed hydra bites you!
* * * LOW HITPOINT WARNING * * *
The four-headed hydra bites you but does no damage.
The four-headed hydra bites you!
You die...

#.......#..#..
####.......##.##'
#+###.....#######.##.
#.#....#.............
#......#.............
###....#.............
######....#..##.........
..........###########....
........@.# #####
........D.# ..........+
..........# #######....
#.....#.......
+.....#........ ......
#.....#....... .....
.......#.....+.......
.....


You could see a four-headed hydra.

Vanquished Creatures
  Menkaure (D:7)
  A steam dragon (D:8)
  Edmund (D:5)
  3 orc warriors
  A sky beast (D:5)
  6 ogres
  4 centaurs
  A necrophage (D:8)
  2 phantoms
  Blork the orc (D:4)
  3 bullfrogs
  A scorpion (D:5)
  2 water moccasin zombies (D:5)
  2 wyvern skeletons
  3 killer bees (D:9)
  A howler monkey (D:4)
  A jelly (D:4)
  A bullfrog zombie (D:5)
  2 hounds
  Crazy Yiuf (D:2)
  A centaur zombie (D:9)
  4 orc priests
  A bullfrog skeleton (D:5)
  2 iguanas
  3 iron imps (D:7)
  5 orc wizards
  A scorpion zombie (D:5)
  2 hound skeletons
  A howler monkey zombie (D:7)
  2 adders (D:3)
  A shadow imp (D:8)
  2 worms
  3 dart slugs
  17 orcs
  6 ball pythons
  5 endoplasms
  3 giant cockroaches
  13 goblins
  9 hobgoblins
  6 jackals
  10 kobolds
  2 quokkas (D:3)
  5 bats
  4 frilled lizards
  4 rats
150 creatures vanquished.

Vanquished Creatures (others)
  9 foxfires (D:4)
9 creatures vanquished.

Grand Total: 159 creatures vanquished

Notes
Turn   | Place    | Note
-------+----------+-------------------------------------------
     0 | D:1      | fragbeetle the Hill Orc Cinder Acolyte began the quest for
                  | the Orb.
     0 | D:1      | Reached XP level 1. HP: 19/19 MP: 2/2
   204 | D:1      | Reached XP level 2. HP: 22/27 MP: 3/3
   837 | D:1      | You fall into a shaft and drop 1 floor!
   856 | D:2      | Identified the +9 trident "Fish" {distort, Int+4 SInv}
   907 | D:2      | Reached XP level 3. HP: 33/33 MP: 4/4
   913 | D:2      | Found a white marble altar of Elyvilon.
  1012 | D:1      | Learned a level 2 spell: Scorch
  1108 | D:2      | Found a faded altar of an unknown god.
  1634 | D:2      | Found a runed translucent door.
  1635 | D:2      | Noticed Crazy Yiuf
  1640 | D:2      | Killed Crazy Yiuf
  1641 | D:2      | Reached skill level 1 in Polearms
  1641 | D:2      | Reached XP level 4. HP: 25/40 MP: 6/6
  2009 | D:3      | Found an ornate altar of the Wu Jian Council.
  2259 | D:3      | Noticed an ogre
  2270 | D:3      | Killed an ogre
  2271 | D:3      | Reached XP level 5. HP: 15/47 MP: 7/7
  2865 | D:4      | Reached XP level 6. HP: 53/53 MP: 8/8
  2974 | D:4      | Noticed Blork the orc
  2988 | D:4      | Killed Blork the orc
  2989 | D:4      | Reached skill level 1 in Armour
  2989 | D:4      | Reached skill level 5 in Fire Magic
  3438 | D:4      | Reached XP level 7. HP: 60/60 MP: 10/10
  4313 | D:5      | Entered Level 5 of the Dungeon
  4316 | D:5      | Found Zaciwa's Overcharged Wands.
  4354 | D:5      | Reached skill level 5 in Fighting
  4486 | D:5      | Found an iron altar of Okawaru.
  4586 | D:5      | Reached XP level 8. HP: 37/68 MP: 11/11
  4803 | D:5      | Noticed Edmund
  4810 | D:5      | Killed Edmund
  4811 | D:5      | Reached skill level 5 in Polearms
  4967 | D:5      | Found a white marble altar of Elyvilon.
  4993 | D:5      | Found a shadowy altar of Dithmenos.
  5447 | D:6      | Found a hide-covered altar of Uskayaw.
  5588 | D:6      | Noticed a thrashing horror
  5590 | D:6      | Noticed a white ugly thing
  5612 | D:6      | Learned a level 2 spell: Blink
  5653 | D:6      | Reached skill level 5 in Armour
  5798 | D:6      | Found a transporter.
  5801 | D:6      | Noticed a toenail golem
  5843 | D:6      | Found a transporter.
  5861 | D:6      | Noticed testman's ghost (novice MfBe)
  5864 | D:6      | Found a one-way gate to the infinite horrors of the Abyss.
  5907 | D:6      | Found Fupt's Fire Supplies.
  6101 | D:7      | Reached skill level 1 in Translocations
  6101 | D:7      | Reached XP level 9. HP: 75/75 MP: 13/13
  6201 | D:7      | Noticed Menkaure
  6214 | D:7      | Killed Menkaure
  6347 | D:7      | Found a staircase to the Ecumenical Temple.
  6356 | Temple   | Entered the Ecumenical Temple
  6700 | D:7      | Found a burning altar of Makhleb.
  7079 | D:8      | Noticed Gastronok
  7079 | D:8      | Noticed a four-headed hydra
  7565 | D:9      | Found a glowing golden altar of the Shining One.
  7730 | D:9      | Found Sintil's Jewellery Emporium.
  8197 | D:9      | Reached XP level 10. HP: 86/86 MP: 14/14
  8648 | D:8      | HP: 1/86 [four-headed hydra (9)]
  8648 | D:8      | Mangled by a four-headed hydra

Illustrated notes

Levels and vault maps discovered:
D:1:      dpeg_arrival_pits, layout_basic
D:2:      layout_loops_cross, basic_altar, nicolae_ecumenical_oubliette,
          minmay_pentomino_p4, uniq_crazy_yiuf_cottage
D:3:      layout_loops_cross, nicolae_wu_jian_glorious_leap
D:4:      layout_layer_cave, palyth_stone_intersect, kennysheep_cross_room,
          corexii_shack, uniq_blork_the_orc
D:5:      layout_basic, okawaru_altar_gauntlet_db,
          mainiacjoe_overflow_two_lobes, nicolae_shop_overcharged_wands,
          uniq_edmund
D:6:      layout_rooms, nicolae_uskayaw_murder_on_the_dancefloor,
          gammafunk_ghost_abyssal_escape, nicolae_shop_fire_sale
          [nicolae_sub_dead_trees], grunt_decor_junction
D:7:      layout_rooms, demons_altar, minmay_temple_entry_statues_fountains,
          uniq_menkaure
D:8:      layout_gridville, chequers_arboretum, nrook_pool_corridor,
          uniq_psyche, uniq_gastronok
D:9:      layout_grid_maze, tso_oasis_becter, serial_shops, shop
Temple:   regret_index_temple_waves

Skill      XL: |  1  2  3  4  5  6  7  8  9 |
---------------+----------------------------+-----
Fighting       | 4 5 6 7 |  7.2
Polearms       | 1 2 3 4 6 7 |  7.8
Fire Magic     | 4 5 6 7 |  7.4
Armour         | 2 3 5 7 |  7.3
Spellcasting   | 2 3 |  3.0
Translocations | 1 3 |  3.0
Axes           | |  4.5

Action                   |  1- 3 |  4- 6 |  7- 9 | 10-12 || total
-------------------------+-------+-------+-------+-------++-------
Melee: Hand axe          |    57 |       |       |       ||    57
       Trident           |    23 |    73 |   201 |    20 ||   317
       Punch             |       |       |     4 |     1 ||     5
Throw: Dart              |       |     1 |    10 |       ||    11
 Cast: Scorch            |       |     1 |    15 |     1 ||    17
Invok: Rising Flame      |     1 |       |       |       ||     1
       Foxfire Swarm     |       |     1 |       |       ||     1
  Use: Potion            |       |       |     1 |     1 ||     2
Armor: Robe              |    11 |       |       |       ||    11
       Leather armour    |       |    16 |    31 |     9 ||    56
       Ring mail         |       |       |    25 |       ||    25
Dodge: Dodged            |    30 |    30 |    77 |     9 ||   146

Table legend: (Time is in decaauts)
 A = Elapsed time spent in this place.
 B = Non-inter-level travel time spent in this place.
 C = Inter-level travel time spent in this place.
 D = Time resting spent in this place.
 E = Time spent auto-exploring this place.
 F = Levels seen in this place.
 G = Mean time per level.
                   A        B        C        D        E       F      G
               +--------+--------+--------+--------+--------+-----+--------+
         Total |   8662 |   8297 |    365 |    937 |   6142 |  10 |  866.2 |
       Dungeon |   8549 |   8200 |    349 |    937 |   6054 |   9 |  949.9 |
        Temple |    113 |     97 |     16 |      0 |     87 |   1 |  113.0 |
               +--------+--------+--------+--------+--------+-----+--------+

Top non-repeatable levels by time:
     D:9: 1488 daAuts
     D:3: 1287 daAuts
     D:4: 1214 daAuts
     D:5: 1127 daAuts
     D:1: 996 daAuts
     D:2: 835 daAuts
     D:7: 632 daAuts
     D:6: 627 daAuts
     D:8: 340 daAuts
  Temple: 113 daAuts
